Map: Emerald City LE

Players

Massa

  • Race: Terran Terran
  • League: Gold
  • Spawn Location: 11:00

qqq

  • Race: Protoss Protoss
  • League: Platinum
  • Spawn Location: 11:00

Baloo - Winner!

  • Race: Zerg Zerg
  • Spawn Location: 5:00

Tuffe - Winner!

  • Race: Zerg Zerg
  • Spawn Location: 5:00

VOD

Have the link to the VOD?

Description

Time

  • Played on: June 6, 2020, 3:28 p.m.
  • Length: 4:46
Show
View Real Time Build Order
Export as new Build Order

Massa Terran 

Build Orders:  

Get SALT Encoding   

  12  0:12  Supply Depot  
  12  0:13  SCV  
  13  0:25  SCV  
  14  0:36  Barracks  
  14  0:38  SCV  
  15  0:50  SCV  
  15  0:54  Refinery  
  16  1:02  SCV  
  17  1:14  SCV  
  18  1:27  SCV  
  19  1:38  Barracks  
  19  1:39  SCV, Barracks  
  20  1:49  Marine  
  20  1:51  SCV  
  22  2:03  SCV  
  23  2:12  Supply Depot  
  23  2:25  Barracks Tech Lab  
  23  2:28  Factory  
  23  2:33  Marine x2  
  23  2:34  Supply Depot  
  25  2:39  Orbital Command  
  25  2:49  Marauder  
  25  2:51  Marine x2  
  29  3:05  Supply Depot  
  29  3:15  Factory Tech Lab  
  28  3:32  Marauder, Marine x2  
  26  3:49  Marine  
  26  3:50  Marine  
  28  3:57  Refinery, Siege Tank  
  29  4:03  Barracks x2  
  29  4:07  Barracks, Marine x2  
  29  4:18  Marine  
  28  4:25  Marine x2  
Show
View Real Time Build Order
Export as new Build Order

qqq Protoss 

Build Orders:  

Get SALT Encoding   

  12  0:02  Probe  
  14  0:14  Probe  
  14  0:20  Pylon  
  14  0:40  Forge  
  14  0:44  Probe  
  15  1:08  Probe  
  16  1:14  Gateway  
  16  1:42  Probe  
  17  1:54  Probe, Assimilator  
  17  1:58  Assimilator  
  18  2:04  Cybernetics Core  
  18  2:05  Pylon  
  18  2:06  Probe  
  18  2:08  Pylon  
  19  2:18  Probe  
  20  2:30  Probe  
  21  2:43  Probe  
  22  2:52  Stargate  
  22  2:55  Probe  
  23  3:09  Nexus  
  23  3:13  Zealot  
  25  3:21  Probe  
  30  3:47  Nexus  
  30  3:52  Pylon  
  30  4:03  Pylon  
  30  4:05  Pylon  
  28  4:19  Pylon  
  28  4:21  Pylon  
  28  4:24  Pylon  
  28  4:29  Pylon  
  26  4:32  Pylon  
  26  4:40  Pylon  
Show
View Real Time Build Order
Export as new Build Order

Baloo Zerg - Winner!

Build Orders: Pool Only 

Get SALT Encoding   

  12  0:03  Drone  
  13  0:09  Drone  
  14  0:20  Extractor  
  13  0:22  Extractor  
  13  0:23  Drone x2  
  16  0:35  Spawning Pool  
  16  0:42  Overlord  
  15  0:51  Extractor  
  15  0:53  Extractor, Drone  
  14  1:19  Drone  
  14  1:20  Drone x2  
  17  1:27  Roach Warren  
  17  1:29  Queen  
  18  1:39  Overlord  
  18  2:07  Roach x3  
  24  2:20  Roach  
  26  2:29  Roach  
  28  2:39  Roach  
  30  2:47  Overlord  
  32  3:05  Roach  
  32  3:06  Roach x2  
  36  3:16  Ravager  
  36  3:17  Ravager  
  38  3:22  Overlord  
  38  3:43  Ravager  
  38  3:44  Roach  
  38  3:45  Overlord, Roach  
  40  4:06  Roach x2  
  44  4:18  Roach  
Show
View Real Time Build Order
Export as new Build Order

Tuffe Zerg - Winner!

Build Orders: Pool Only 

Get SALT Encoding   

  12  0:01  Drone  
  13  0:08  Drone  
  14  0:16  Extractor  
  14  0:17  Extractor  
  14  0:18  Drone  
  13  0:22  Drone  
  16  0:37  Spawning Pool  
  15  0:42  Overlord  
  15  0:47  Extractor  
  15  0:49  Extractor  
  13  0:51  Drone  
  14  1:01  Drone x2  
  16  1:05  Drone  
  17  1:24  Roach Warren  
  16  1:31  Queen  
  18  1:36  Drone  
  19  1:47  Overlord  
  19  2:04  Roach  
  19  2:05  Roach  
  23  2:10  Roach  
  25  2:23  Roach  
  27  2:36  Roach  
  29  2:41  Overlord  
  29  3:11  Roach x3  
  37  3:13  Ravager  
  38  3:22  Overlord  
  36  3:29  Ravager x2  
  38  4:07  Roach x4  
Tags
 
Add a new tag
Caveats
  • Supply blocks, unpowered buildings, or Contaminate may cause inaccurate times.
  • Supply counts are checked every 10 seconds.